Map: Bel'Shir-Ruinen LE (Void)

Players

Nebrot

  • Race: Zerg Zerg
  • League: Bronze
  • Spawn Location: 5:00

K.I.-1 (Sehr schwer) - Winner!

  • Race: Terran Terran
  • Spawn Location: 11:00

VOD

Have the link to the VOD?

Description

Time

  • Played on: Feb. 28, 2017, 7:16 a.m.
  • Length: 8:59
Show
View Real Time Build Order
Export as new Build Order

Nebrot Zerg 

Build Orders: 3 Hatch before Pool 

Get SALT Encoding   

  12  0:02  Drone  
  13  0:13  Overlord  
  13  0:17  Drone  
  14  0:31  Drone  
  14  0:32  Drone  
  17  0:35  Drone  
  17  0:47  Drone  
  18  1:03  Drone  
  19  1:04  Hatchery  
  18  1:28  Hatchery  
  17  1:34  Spawning Pool  
  16  1:47  Overlord  
  16  1:48  Drone x2  
  18  2:09  Drone  
  18  2:11  Drone  
  20  2:25  Zergling x4  
  20  2:26  Queen x2  
  26  2:35  Zergling x2  
  26  2:36  Zergling x2  
  28  2:51  Queen  
  28  2:52  Spine Crawler  
  28  2:56  Zergling x4  
  31  3:02  Queen  
  33  3:08  Zergling x4  
  35  3:21  Overlord x2  
  35  3:22  Zergling x4  
  35  3:23  Zergling x6  
  39  4:24  Overlord  
  39  4:25  Overlord  
  39  4:26  Zergling x18  
  39  4:27  Zergling x8  
  39  4:28  Hatchery  
  51  4:34  Queen  
  53  5:02  Overlord x2  
  53  5:03  Zergling x2  
  53  5:04  Zergling x10  
  59  5:17  Drone x4  
  45  5:30  Spine Crawler  
  40  5:42  Zergling x2  
  38  5:43  Zergling x14  
  44  6:07  Overlord x2  
  44  6:08  Zergling x12  
  45  6:25  Zergling x4  
  47  6:31  Overlord x2  
  47  6:32  Zergling x2  
  48  6:33  Zergling x6  
  48  6:37  Drone  
  48  6:39  Drone  
  39  7:17  Zergling x2  
  39  7:18  Zergling x10  
  39  7:19  Zergling x2  
  39  7:20  Zergling x18  
  49  7:32  Zergling x2  
  49  7:33  Zergling x8  
  54  7:42  Evolution Chamber  
  53  7:46  Extractor, Zergling x2  
  53  7:47  Zergling x6  
  53  7:50  Drone  
  57  8:00  Drone x3  
  57  8:01  Drone  
  61  8:35  Drone x10  
  61  8:36  Drone  
Show
View Real Time Build Order
Export as new Build Order

K.I.-1 (Sehr schwer) Terran - Winner!

Build Orders: MMM Bio 

Get SALT Encoding   

  12  0:00  SCV  
  13  0:13  SCV  
  14  0:18  Supply Depot  
  14  0:25  SCV  
  15  0:40  SCV  
  16  0:43  Barracks  
  16  0:52  SCV  
  17  1:04  SCV  
  18  1:16  SCV  
  18  1:17  Supply Depot  
  19  1:21  Refinery  
  19  1:28  SCV  
  19  1:32  Marine  
  21  1:40  SCV  
  22  1:49  Marine  
  22  1:50  Barracks  
  22  1:52  Refinery, SCV  
  24  2:02  Supply Depot  
  24  2:05  SCV  
  24  2:07  Marine  
  26  2:17  SCV  
  27  2:25  Marine  
  27  2:26  Factory  
  27  2:29  SCV  
  29  2:37  Marine  
  29  2:41  SCV  
  29  2:43  Marine  
  32  2:53  SCV  
  32  2:55  Marine  
  34  3:01  Marine  
  34  3:05  Barracks, SCV  
  36  3:13  Marine  
  36  3:17  SCV  
  36  3:19  Barracks Tech Lab  
  38  3:27  Starport  
  38  3:28  Factory Tech Lab  
  38  3:29  SCV  
  38  3:30  Supply Depot  
  38  3:32  Barracks Tech Lab  
  39  3:52  SCV, Marine x2  
  42  3:58  Stimpack  
  42  4:02  Combat Shields  
  42  4:04  SCV  
  43  4:16  SCV  
  44  4:28  SCV  
  45  4:36  Supply Depot  
  45  4:40  SCV  
  46  4:50  Supply Depot  
  46  4:52  SCV  
  47  4:57  Marine  
  47  4:58  Marauder x2  
  51  5:04  SCV  
  52  5:12  Hellion  
  54  5:15  Marine  
  54  5:18  Orbital Command  
  54  5:19  Marine x2  
  54  5:20  Supply Depot  
  51  5:34  Hellion  
  51  5:35  Command Center, Barracks Reactor  
  45  5:36  Marine  
  45  5:37  Marine  
  47  5:54  Marine  
  47  5:55  Marauder, Hellion  
  52  6:04  Medivac  
  53  6:12  Marine x2  
  53  6:13  Marine  
  53  6:16  Marauder  
  58  6:21  Engineering Bay  
  58  6:30  Marine  
  58  6:31  Marauder, Marine  
  62  6:33  Medivac  
  62  6:38  Marauder  
  65  6:45  Supply Depot  
  65  6:48  Terran Infantry Weapons Level 1, Marine  
  65  6:50  Marine  
  65  6:52  Marauder  
  67  7:20  Marauder, Concussive Shells, Marine  
  67  7:21  Marauder  
  72  7:22  Supply Depot  
  72  7:23  Marine  
  73  7:38  Marine  
  73  7:42  Marauder  
  76  7:50  Command Center  
  76  7:54  Marine  
  79  8:05  Marauder  
  79  8:17  Supply Depot  
  79  8:26  Marauder  
Tags
 
Add a new tag
Caveats
  • Supply blocks, unpowered buildings, or Contaminate may cause inaccurate times.
  • Supply counts are checked every 10 seconds.